 Dungeon Sprint DCSS version 0.28-a0-1356-g2ad6d04315 (webtiles) character file.

Game seed: 9187603771382004658

68955 Turgor the Conqueror (level 24, 0/336 HPs)
             Began as a Minotaur Fighter on Dec 29, 2021.
             Was the Champion of Okawaru.
             Slain by a profane servitor (10 damage)
             ... in the Dungeon (Sprint VI: "Thunderdome") on Dec 30, 2021.
             The game lasted 02:27:09 (4131 turns).

Turgor the Conqueror (Minotaur Fighter)             Turns: 4131, Time: 02:27:09

Health: 0/336      AC: 49    Str: 34    XL:     24   Next: 77%
Magic:  9/22       EV: 19    Int: 15    God:    Okawaru [******]
Gold:   112        SH: 10    Dex: 19    Spells: 31/41 levels left

rFire   + + +      SeeInvis .   s - +9 broad axe (freeze)
rCold   + + +      Faith    .   E - +2 buckler
rNeg    + . .      Spirit   .   e - +12 gold dragon scales
rPois   +          Reflect  .   B - +2 hat "Gyobeim" {rF+}
rElec   +          Harm     .   y - +2 cloak of Indemnity {rElec Regen+ MP-9 Dex+3}
rCorr   .          Rampage  .   b - +1 pair of gloves of the Komodo Dragon {Int+4}
Will    +....      NoTele   +   z - +2 pair of boots of Locunikk {Str+2}
Stlth   ..........              o - amulet of Adghokkam {Acrobat rElec rC+ Str+5}
HPRegen 1.46/turn               C - ring of Zuakhur {rElec rPois rC++ rN+ Int+4}
MPRegen 0.18/turn               r - ring "Fiocvol" {rElec rF+ rC+ Int+2 Slay+6}

@: mighty, berserking, lethally poisoned (0 -> -5), hasted, very quick
A: horns 2, retaliatory headbutt, agile 1, frail 1, low mp 1, screaming 1, weak
1, subdued magic 1
}: 4/15 runes: decaying, slimy, gossamer, mossy
a: Renounce Religion, Heroism, Finesse


You were in the Dungeon.
You worshipped Okawaru.
Okawaru was exalted by your worship.
You visited 1 branch You collected 12750 gold pieces.
You spent 12638 gold pieces at shops.

Inventory:

Hand Weapons
 s - a +9 broad axe of freezing (weapon)
 w - a +9 vampiric lajatang
 J - the +8 Wrath of Trog {antimagic, *Rage Rampage}
   (Okawaru gifted it to you in the Dungeon)

   It reduces the magical energy of the wielder, and disrupts the spells and
   magical abilities of those it strikes.
   Natural abilities and divine invocations are not affected.
   It causes slowness and exhaustion when equipped.
   It extends the wielder's berserk rage when killing foes.
   *Rage:     It berserks you when you make melee attacks (+50% chance).
   Rampage:   It bestows one free step when moving towards enemies.
 K - a +6 executioner's axe of chaos
Missiles
 t - 9 javelins (quivered)
 v - 24 atropa-tipped darts
 F - 4 silver javelins
Armour
 b - the +1 pair of gloves of the Komodo Dragon (worn) {Int+4}
   (You bought it in a shop in the Dungeon)

   Int:       It affects your intelligence (+4).
 e - +12 gold dragon scales (worn)
 u - the +1 buckler "Haoghololl" {rCorr}
   (You bought it in a shop in the Dungeon)

   rCorr:     It protects you from acid and corrosion.
 y - the +2 cloak of Indemnity (worn) {rElec Regen+ MP-9 Dex+3}
   (You bought it in a shop in the Dungeon)

   Dex:       It affects your dexterity (+3).
   rElec:     It insulates you from electricity.
   MP:        It affects your magic capacity (-9).
   Regen:     It increases your rate of health regeneration.
 z - the +2 pair of boots of Locunikk (worn) {Str+2}
   (You bought it in a shop in the Dungeon)

   Str:       It affects your strength (+2).
 B - the +2 hat "Gyobeim" (worn) {rF+}
   (Okawaru gifted it to you in the Dungeon)

   rF:        It protects you from fire.
 E - a +2 buckler (worn)
 G - the +1 pair of gloves "Delufuv" {rElec rF+}
   (Okawaru gifted it to you in the Dungeon)

   rF:        It protects you from fire.
   rElec:     It insulates you from electricity.
Jewellery
 a - the ring of the Manifold Blessings {rPois AC+4 Int+4 Dex+4}
   (You found it in the Dungeon)

   [ring of protection]

   AC:        It affects your AC (+4).
   Int:       It affects your intelligence (+4).
   Dex:       It affects your dexterity (+4).
   rPois:     It protects you from poison.
 o - the amulet of Adghokkam (around neck) {Acrobat rElec rC+ Str+5}
   (You bought it in a shop in the Dungeon)

   [amulet of the acrobat]

   It increases your evasion while moving and waiting.
   Str:       It affects your strength (+5).
   rC:        It protects you from cold.
   rElec:     It insulates you from electricity.
 p - the ring of the Turtledove {rF+ MP+9 EV+4 Int+4}
   (You bought it in a shop in the Dungeon)

   [ring of evasion]

   EV:        It affects your evasion (+4).
   Int:       It affects your intelligence (+4).
   rF:        It protects you from fire.
   MP:        It affects your magic capacity (+9).
 q - the ring "Jifo" {rF- rN+ Str+3 SInv}
   (You bought it in a shop in the Dungeon)

   [ring of see invisible]

   Str:       It affects your strength (+3).
   rF:        It makes you vulnerable to fire.
   rN:        It protects you from negative energy.
   SInv:      It lets you see invisible.
 r - the ring "Fiocvol" (right hand) {rElec rF+ rC+ Int+2 Slay+6}
   (You bought it in a shop in the Dungeon)

   [ring of protection from fire]

   Int:       It affects your intelligence (+2).
   Slay:      It affects your accuracy & damage with ranged weapons and melee
   (+6).
   rF:        It protects you from fire.
   rC:        It protects you from cold.
   rElec:     It insulates you from electricity.
 x - the ring "Kis Ekla" {Str+6 Int+4}
   (You bought it in a shop in the Dungeon)

   [ring of strength]

   Str:       It affects your strength (+6).
   Int:       It affects your intelligence (+4).
 C - the ring of Zuakhur (left hand) {rElec rPois rC++ rN+ Int+4}
   (You bought it in a shop in the Dungeon)

   [ring of poison resistance]

   Int:       It affects your intelligence (+4).
   rC:        It greatly protects you from cold.
   rElec:     It insulates you from electricity.
   rPois:     It protects you from poison.
   rN:        It protects you from negative energy.
 D - the ring of the Enemy {Fly SInv}
   (You bought it in a shop in the Dungeon)

   [ring of flight]

   SInv:      It lets you see invisible.
   Fly:       It grants you flight.
Wands
 c - a wand of flame (6)
 k - a wand of acid (2)
 l - a wand of iceblast (2)
Scrolls
 m - 3 scrolls of fog
 A - 3 scrolls of silence
Potions
 d - 6 potions of might
 f - 10 potions of heal wounds
 g - 8 potions of haste
 h - 2 potions of magic
 i - 10 potions of berserk rage
 n - 8 potions of resistance
 I - 15 potions of curing
 L - 12 potions of mutation
 M - a potion of invisibility


   Skills:
 O Level 27 Fighting
 - Level 22.0 Axes
 * Level 21.6 Staves
 * Level 19.4 Throwing
 - Level 22.0 Armour
 * Level 20.9 Dodging
 - Level 10.0 Stealth
 * Level 13.6 Shields
 + Level 9.4 Spellcasting
 + Level 11.5 Translocations
 - Level 10.0 Invocations
 - Level 10.0 Evocations


You had 31 spell levels left.
You knew the following spells:

 Your Spells              Type           Power      Damage    Failure   Level
a - Blink                 Tloc           64%        N/A       1%          2
b - Gell's Gravitas       Tloc           32%        N/A       1%          3
c - Manifold Assault      Tloc           32%        N/A       13%         5

Your spell library contained the following spells:

 Spells                   Type           Power      Damage    Failure   Level
 Lesser Beckoning         Tloc           32%        N/A       1%          3
 Teleport Other           Tloc           32%        N/A       1%          3


Dungeon Overview and Level Annotations

Branches:
Dungeon (1/1)

Altars:
Cheibriados
Dithmenos
Fedhas
Gozag
Kikubaaqudgha
Makhleb
Okawaru
Qazlal
Ru
Sif Muna
Trog
Uskayaw
Vehumet
Wu Jian
Xom
Yredelemnul
Zin
The Shining One
Beogh
Lugonu

Shops:
D *[??*?*:[((!!!!


Innate Abilities, Weirdness & Mutations

You have a pair of horns on your head.
You reflexively headbutt those who attack you in melee.
You are agile. (Dex +2)
You are frail. (-10% HP)
Your magical capacity is low. (-10% MP)
You occasionally shout uncontrollably at your foes.
You are weak. (Str -2)
Your spells are a little easier to cast, but a little less powerful.


Message History

The daeva hits you but does no damage. x2
The angel hits you with a +2 sacred scourge of holy wrath!
* * * LOW HITPOINT WARNING * * *
You block the angel's attack.
You feel much better.
You feel sick. The angel completely misses you. You furiously retaliate!
You headbutt the angel! You block the angel's attack.
The daeva calls down the wrath of the Shining One upon you.
The Shining One smites you!
* * * LOW HITPOINT WARNING * * *
The daeva hits you but does no damage. x2
Unknown command.
You feel much better. 20...
You feel sick.
The profane servitor hits you with a +2 demon whip of venom!
* * * LOW HITPOINT WARNING * * *
The profane servitor draws strength from your injuries!
You block the profane servitor's attack.
The daeva calls down the wrath of the Shining One upon you.
The Shining One smites you!
* * * LOW HITPOINT WARNING * * *
You block the angel's attack. The angel hits you but does no damage.
Unknown command.
A red film seems to cover your vision as you go berserk!
You feel yourself moving faster!
You feel mighty!
You feel sick.
The profane servitor hits you but does no damage.
The profane servitor hits you with a +2 demon whip of venom.
* * * LOW HITPOINT WARNING * * *
You are more poisoned.
The daeva hits you but does no damage. x2; The angel barely misses you.
The angel closely misses you.
The daeva calls down the wrath of the Shining One upon you.
The Shining One smites you!
* * * LOW HITPOINT WARNING * * *
You completely miss the daeva. Your headbutt misses the daeva.
You hit the angel. You freeze the angel. You barely miss the profane servitor.
The daeva blocks your attack.
You feel very sick.
The profane servitor hits you with a +2 demon whip of venom!
You die...

##### ##[A@##
#[.AAA#
##.[AAA##
##∩..§§§§##
#∩.[§§§§§§#
#_..§...._#
#_.[[...._#
#_.[.[..._#
###A[...)...###


You could see a profane servitor, 5 daevas and an angel.

Vanquished Creatures
  Dissolution (D)
  Ignacio (D)
  2 seraphim (D)
  Agnes (D)
  5 profane servitors (D)
  A golden dragon (D)
  2 deep elf blademasters (D)
  17 Executioners (D)
  7 storm dragons (D)
  A shadow dragon (D)
  5 nagarajas (D)
  A deep elf sorcerer (D)
  2 ghost moths (D)
  An orc warlord (D)
  2 angels (D)
  A wolf spider (D)
  A bunyip (D)
  4 merfolk impalers (D)
  4 merfolk javelineers (D)
  A deep elf high priest (D)
  3 fire dragons (D)
  3 ice dragons (D)
  A salamander tyrant (D)
  A wizard (D)
  2 hydras (D)
  2 naga warriors (D)
  An ogre mage (D)
  5 merfolk avatars (D)
  4 two-headed ogres (D)
  An alligator snapping turtle (D)
  An anaconda (D)
  2 dancing weapons (D)
  2 shock serpents (D)
  2 deep elf knights (D)
  A naga sharpshooter (D)
  15 skeletal warriors (D)
  An iron troll (D)
  A sea snake (D)
  A steelbarb worm (D)
  A goliath frog (D)
  6 deep trolls (D)
  A spriggan druid (D)
  A swamp dragon (D)
  A deep elf archer (D)
  A naga ritualist (D)
  5 harpies (D)
  2 deep elf pyromancers (D)
  3 orc knights (D)
  4 deep elf zephyrmancers (D)
  A mana viper (D)
  An orc sorcerer (D)
  A manticore (D)
  3 black mambas (D)
  3 naga magi (D)
  6 moths of wrath (D)
  A merfolk siren (D)
  2 komodo dragons (D)
  2 trolls (D)
  A bloated husk (D)
  3 merfolk (D)
  7 polar bears (D)
  A snapping turtle (D)
  A slime creature (D)
  Sigmund (D)
  A water elemental (D)
  3 fire elementals (D)
  12 vampire mosquitoes (D)
  A naga (D)
  A water moccasin (D)
  3 orc warriors (D)
  5 ogres (D)
  A bullfrog (D)
  An earth elemental (D)
  2 orc wizards (D)
  2 river rats (D)
  3 adders (D)
  A worm (D)
  5 ball pythons (D)
  A hobgoblin (D)
210 creatures vanquished.

Notes
Turn   | Place    | Note
-------+----------+-------------------------------------------
     0 | D        | Turgor the Minotaur Fighter began the quest for the Orb.
     0 | D        | Reached XP level 1. HP: 19/19 MP: 0/0
     1 | D        | Found a glowing golden altar of the Shining One.
     1 | D        | Found a blossoming altar of Fedhas.
     2 | D        | Found an iron altar of Okawaru.
     2 | D        | Found an ornate altar of the Wu Jian Council.
     3 | D        | Found a corrupted altar of Lugonu.
     4 | D        | Found Wytoh's Do-It-Yourself Clinic.
     4 | D        | Found a shimmering altar of Xom.
     4 | D        | Found Anyi's Distillery.
     5 | D        | Found Kizxiq's Bottled Wisdom.
     5 | D        | Found Ziwoics's Distillery.
     5 | D        | Round 1.
    10 | D        | Became a worshipper of Warmaster Okawaru
    15 | D        | Found a radiant altar of Vehumet.
    16 | D        | Found an ancient bone altar of Kikubaaqudgha.
    17 | D        | Found a snail-covered altar of Cheibriados.
    18 | D        | Found a bloodstained altar of Trog.
    18 | D        | Found a stormy altar of Qazlal.
    18 | D        | Found Foma's Staff Store.
    18 | D        | Found Fuwn's Magic Scroll Shop.
    19 | D        | Found Siawieco's Must-Have Magic.
    19 | D        | Found Mifusch's Magic Scroll Shop.
    22 | D        | Found a shadowy altar of Dithmenos.
    23 | D        | Found a glowing silver altar of Zin.
    27 | D        | Reached skill level 4 in Fighting
    27 | D        | Reached XP level 2. HP: 20/27 MP: 1/1
    27 | D        | Found a shimmering blue altar of Sif Muna.
    28 | D        | Found a sacrificial altar of Ru.
    28 | D        | Found a hide-covered altar of Uskayaw.
    28 | D        | Found Yrphyfo's Identification Station.
    29 | D        | Found Isusu's Jewellery.
    29 | D        | Found Cicseas's Advanced Armour.
    37 | D        | Bought a twitching graven amulet for 45 gold pieces
    37 | D        | Identified the amulet of Adghokkam {Acrobat rElec rC+
                  | Str+5} (You bought it in a shop in the Dungeon)
    42 | D        | Bought a shimmering marble ring for 45 gold pieces
    42 | D        | Identified the ring of the Turtledove {rF+ MP+9 EV+4 Int+4}
                  | (You bought it in a shop in the Dungeon)
    42 | D        | Bought a serpentine golden ring for 45 gold pieces
    42 | D        | Identified the ring "Jifo" {rF- rN+ Str+3 SInv} (You bought
                  | it in a shop in the Dungeon)
    43 | D        | Bought a shimmering ivory ring for 45 gold pieces
    43 | D        | Identified the ring "Fiocvol" {rElec rF+ rC+ Int+2 Slay+6}
                  | (You bought it in a shop in the Dungeon)
    44 | D        | Noticed Sigmund
    51 | D        | Killed Sigmund
    51 | D        | Reached * piety under Okawaru
    52 | D        | Reached skill level 7 in Fighting
    52 | D        | Reached XP level 3. HP: 18/39 MP: 2/2
    52 | D        | Reached XP level 4. HP: 22/47 MP: 2/3
    52 | D        | Reached XP level 5. HP: 25/52 MP: 2/4
    54 | D        | Found an opulent altar of Gozag.
    54 | D        | Found a basalt altar of Yredelemnul.
    55 | D        | Found Azam's Premium Goods.
    76 | D        | Found a burning altar of Makhleb.
    77 | D        | Found Higuw's Weapon Rack.
    78 | D        | Found Enouvi's Basic Armour.
    78 | D        | Found Zahul's Miscellaneous Merchandise.
   103 | D        | Arena points: 12 (+12) [x2]
   160 | D        | Round 2.
   218 | D        | Arena points: 54 (+42) [x3]
   274 | D        | Round 3.
   274 | D        | Noticed a deep elf zephyrmancer
   283 | D        | Noticed a deep elf zephyrmancer
   284 | D        | Killed a deep elf zephyrmancer
   284 | D        | Reached ** piety under Okawaru
   285 | D        | Reached skill level 10 in Fighting
   285 | D        | Reached skill level 10 in Armour
   285 | D        | Reached XP level 6. HP: 61/66 MP: 5/5
   285 | D        | Reached XP level 7. HP: 67/72 MP: 6/6
   298 | D        | Killed a deep elf zephyrmancer
   298 | D        | Reached *** piety under Okawaru
   302 | D        | Noticed a deep elf zephyrmancer
   313 | D        | Killed a deep elf zephyrmancer
   313 | D        | Reached **** piety under Okawaru
   314 | D        | Reached skill level 11 in Fighting
   314 | D        | Reached skill level 15 in Axes
   314 | D        | Reached XP level 8. HP: 61/82 MP: 9/9
   332 | D        | Noticed a deep elf pyromancer
   339 | D        | Killed a deep elf pyromancer
   340 | D        | Reached skill level 5 in Dodging
   356 | D        | Noticed a deep elf pyromancer
   364 | D        | Killed a deep elf pyromancer
   364 | D        | Received a gift from Okawaru
   365 | D        | Reached skill level 12 in Fighting
   365 | D        | Reached skill level 5 in Evocations
   365 | D        | Reached XP level 9. HP: 71/90 MP: 11/11
   377 | D        | Noticed a deep elf zephyrmancer
   385 | D        | Killed a deep elf zephyrmancer
   385 | D        | Arena points: 138 (+84) [x4]
   386 | D        | Reached skill level 5 in Invocations
   456 | D        | Round 4.
   466 | D        | Reached ***** piety under Okawaru
   556 | D        | Noticed a komodo dragon
   563 | D        | Killed a komodo dragon
   564 | D        | Reached skill level 1 in Throwing
   609 | D        | Noticed a komodo dragon
   616 | D        | Killed a komodo dragon
   616 | D        | Received a gift from Okawaru
   616 | D        | Arena points: 278 (+140) [x5]
   650 | D        | Bought a pair of fine gloves for 332 gold pieces
   650 | D        | Identified the +1 pair of gloves of the Komodo Dragon
                  | {Int+4} (You bought it in a shop in the Dungeon)
   650 | D        | Round 5.
   668 | D        | Noticed a witch
   671 | D        | Noticed a goliath frog
   678 | D        | Killed a witch
   678 | D        | Arena points: 558 (+280) [x7]
   679 | D        | Reached skill level 13 in Fighting
   679 | D        | Reached XP level 10. HP: 87/101 MP: 13/13
   679 | D        | Got a decaying rune of Zot
   703 | D        | Bought a jewelled cloak for 332 gold pieces
   703 | D        | Identified the +2 cloak of Indemnity {rElec Regen+ MP-9
                  | Dex+3} (You bought it in a shop in the Dungeon)
   873 | D        | Round 6.
   898 | D        | Reached skill level 5 in Staves
   912 | D        | Reached skill level 5 in Throwing
   942 | D        | Arena points: 942 (+384) [x8]
  1014 | D        | Round 7.
  1018 | D        | Noticed a spriggan druid
  1023 | D        | Killed a spriggan druid
  1023 | D        | Received a gift from Okawaru
  1033 | D        | Reached skill level 10 in Staves
  1055 | D        | Noticed a swamp dragon
  1056 | D        | Noticed a goliath frog
  1061 | D        | Killed a swamp dragon
  1065 | D        | Killed a goliath frog
  1070 | D        | Noticed a six-headed hydra
  1073 | D        | Noticed a four-headed hydra
  1084 | D        | Killed an eight-headed hydra
  1085 | D        | Reached XP level 11. HP: 98/107 MP: 15/15
  1086 | D        | Noticed a bunyip
  1098 | D        | Killed a 12-headed hydra
  1100 | D        | Killed a bunyip
  1100 | D        | Identified the +0 ring mail "Ykhlosasch" {rC+ rN+ Will-
                  | Slay+2} (Okawaru gifted it to you in the Dungeon)
  1100 | D        | Received a gift from Okawaru
  1100 | D        | Arena points: 1509 (+567) [x9]
  1101 | D        | Reached skill level 10 in Throwing
  1115 | D        | Bought a pitted hat for 315 gold pieces
  1115 | D        | Identified the +0 hat of Dawn {Stlth+} (You bought it in a
                  | shop in the Dungeon)
  1115 | D        | Bought a pair of dazzling boots for 332 gold pieces
  1115 | D        | Identified the +2 pair of boots of Locunikk {Str+2} (You
                  | bought it in a shop in the Dungeon)
  1178 | D        | Round 8.
  1184 | D        | Noticed a deep troll
  1190 | D        | Killed a deep troll
  1194 | D        | Noticed a deep troll
  1199 | D        | Killed a deep troll
  1253 | D        | Noticed a deep troll
  1253 | D        | Noticed an iron troll
  1254 | D        | Noticed a deep troll
  1258 | D        | Killed a deep troll
  1263 | D        | Killed a deep troll
  1263 | D        | Reached ****** piety under Okawaru
  1271 | D        | Noticed a deep troll
  1276 | D        | Killed an iron troll
  1281 | D        | Killed a deep troll
  1296 | D        | Noticed a deep troll
  1302 | D        | Killed a deep troll
  1302 | D        | Arena points: 2309 (+800) [x10]
  1303 | D        | Reached skill level 14 in Fighting
  1346 | D        | Bought 4 potions of curing for 84 gold pieces
  1369 | D        | Round 9.
  1375 | D        | Noticed a two-headed ogre
  1376 | D        | Noticed a two-headed ogre
  1389 | D        | Killed a two-headed ogre
  1396 | D        | Killed a two-headed ogre
  1407 | D        | Noticed an ogre mage
  1415 | D        | Noticed a two-headed ogre
  1424 | D        | Killed a two-headed ogre
  1445 | D        | Killed an ogre mage
  1445 | D        | Identified the +2 hat "Gyobeim" {rF+} (Okawaru gifted it to
                  | you in the Dungeon)
  1445 | D        | Received a gift from Okawaru
  1446 | D        | Reached XP level 12. HP: 118/118 MP: 17/17
  1447 | D        | Noticed a two-headed ogre
  1456 | D        | Killed a two-headed ogre
  1465 | D        | Arena points: 3398 (+1089) [x11]
  1467 | D        | Reached skill level 15 in Fighting
  1467 | D        | Reached XP level 13. HP: 126/126 MP: 18/18
  1520 | D        | Bought a clouded granite ring for 45 gold pieces
  1520 | D        | Identified the ring "Kis Ekla" {Str+6 Int+4} (You bought it
                  | in a shop in the Dungeon)
  1520 | D        | Bought a coiled platinum ring for 45 gold pieces
  1520 | D        | Identified the ring of Zuakhur {rElec rPois rC++ rN+ Int+4}
                  | (You bought it in a shop in the Dungeon)
  1520 | D        | Bought a clouded amber ring for 45 gold pieces
  1520 | D        | Identified the ring of the Enemy {Fly SInv} (You bought it
                  | in a shop in the Dungeon)
  1532 | D        | Round 10.
  1583 | D        | Identified the ring of the Manifold Blessings {rPois AC+4
                  | Int+4 Dex+4} (You found it in the Dungeon)
  1583 | D        | Arena points: 4698 (+1300) [x13]
  1584 | D        | Got a gossamer rune of Zot
  1594 | D        | Bought +0 gold dragon scales for 960 gold pieces
  1635 | D        | Bought 3 scrolls of fog for 60 gold pieces
  1783 | D        | Round 11.
  1800 | D        | Noticed an orc warlord
  1812 | D        | Killed an orc warlord
  1901 | D        | Arena points: 6238 (+1540) [x14]
  1907 | D        | Bought 4 scrolls of enchant armour for 300 gold pieces
  1907 | D        | Bought 4 scrolls of enchant armour for 300 gold pieces
  1982 | D        | Round 12.
  1989 | D        | Noticed a nagaraja
  1993 | D        | Reached skill level 16 in Fighting
  1997 | D        | Noticed a nagaraja
  2002 | D        | Killed a nagaraja
  2009 | D        | Killed a nagaraja
  2046 | D        | Noticed a nagaraja
  2056 | D        | Killed a nagaraja
  2057 | D        | Reached skill level 15 in Armour
  2062 | D        | Reached skill level 17 in Fighting
  2128 | D        | Noticed a nagaraja
  2133 | D        | Killed a nagaraja
  2133 | D        | Arena points: 8218 (+1980) [x15]
  2138 | D        | Bought 4 scrolls of enchant armour for 300 gold pieces
  2159 | D        | Bought a bloodstained kite shield for 332 gold pieces
  2159 | D        | Identified the -5 kite shield of the Unbroken {Regen+
                  | Stlth+} (You bought it in a shop in the Dungeon)
  2210 | D        | Round 13.
  2222 | D        | Reached skill level 10 in Invocations
  2239 | D        | Reached skill level 15 in Throwing
  2252 | D        | Reached skill level 18 in Fighting
  2252 | D        | Reached skill level 10 in Evocations
  2265 | D        | Noticed a nagaraja
  2296 | D        | Killed a nagaraja
  2296 | D        | Received a gift from Okawaru
  2306 | D        | Arena points: 10714 (+2496) [x16]
  2321 | D        | Round 14.
  2372 | D        | Reached XP level 14. HP: 144/144 MP: 11/20
  2372 | D        | Reached XP level 15. HP: 151/151 MP: 12/21
  2390 | D        | Reached skill level 19 in Fighting
  2461 | D        | Arena points: 14046 (+3332) [x17]
  2462 | D        | Reached skill level 20 in Fighting
  2468 | D        | Bought a scroll of brand weapon for 200 gold pieces
  2483 | D        | Bought a brightly glowing tower shield for 332 gold pieces
  2483 | D        | Identified the +5 tower shield "Uboddopt" {Harm Will+
                  | Dex-2} (You bought it in a shop in the Dungeon)
  2484 | D        | Bought a heavily runed buckler for 332 gold pieces
  2484 | D        | Identified the +0 buckler of Space {Int+2 Stlth+} (You
                  | bought it in a shop in the Dungeon)
  2484 | D        | Bought an ichor-stained buckler for 332 gold pieces
  2484 | D        | Identified the +1 buckler "Haoghololl" {rCorr} (You bought
                  | it in a shop in the Dungeon)
  2502 | D        | Bought a +0 broad axe for 120 gold pieces
  2514 | D        | Round 15.
  2518 | D        | Noticed Agnes
  2532 | D        | Killed Agnes
  2532 | D        | Identified the +0 pair of boots of Qaul {Will+ Int+4} (You
                  | found it in the Dungeon)
  2532 | D        | Arena points: 17181 (+3135) [x19]
  2533 | D        | Got a mossy rune of Zot
  2547 | D        | Bought 8 scrolls of enchant weapon for 600 gold pieces
  2718 | D        | Round 16.
  2728 | D        | Reached skill level 10 in Dodging
  2784 | D        | Reached skill level 21 in Fighting
  2845 | D        | Arena points: 21661 (+4480) [x20]
  2863 | D        | Bought a book of Displacement for 168 gold pieces
  2863 | D        | Bought a book of Spatial Translocations for 182 gold pieces
  2866 | D        | Learned a level 2 spell: Blink
  2881 | D        | Bought 8 scrolls of enchant weapon for 600 gold pieces
  2916 | D        | Round 17.
  2940 | D        | Reached skill level 1 in Stealth
  2942 | D        | Reached skill level 22 in Fighting
  2955 | D        | Reached skill level 1 in Spellcasting
  2955 | D        | Reached skill level 1 in Translocations
  2970 | D        | Received a gift from Okawaru
  2986 | D        | Noticed a deep elf blademaster
  2994 | D        | Noticed a deep elf sorcerer
  3002 | D        | Killed a deep elf blademaster
  3008 | D        | Killed a deep elf sorcerer
  3012 | D        | Noticed a deep elf blademaster
  3038 | D        | Killed a deep elf blademaster
  3041 | D        | Arena points: 27373 (+5712) [x21]
  3062 | D        | Bought 3 potions of experience for 900 gold pieces
  3116 | D        | Round 18.
  3147 | D        | Noticed a storm dragon
  3149 | D        | Noticed a storm dragon
  3150 | D        | Noticed a storm dragon
  3159 | D        | Reached skill level 5 in Stealth
  3162 | D        | Killed a storm dragon
  3169 | D        | Killed a storm dragon
  3174 | D        | Killed a storm dragon
  3174 | D        | Received a gift from Okawaru
  3181 | D        | Reached skill level 23 in Fighting
  3191 | D        | Noticed a shadow dragon
  3203 | D        | Noticed a golden dragon
  3206 | D        | Killed a shadow dragon
  3207 | D        | Noticed a storm dragon
  3209 | D        | Noticed a storm dragon
  3213 | D        | Killed a golden dragon
  3213 | D        | Received a gift from Okawaru
  3218 | D        | Noticed a storm dragon
  3224 | D        | Killed a storm dragon
  3231 | D        | Killed a storm dragon
  3254 | D        | Noticed a storm dragon
  3261 | D        | Killed a storm dragon
  3261 | D        | Received a gift from Okawaru
  3269 | D        | Killed a storm dragon
  3275 | D        | Arena points: 33709 (+6336) [x22]
  3296 | D        | Bought a potion of might for 28 gold pieces
  3296 | D        | Bought a potion of resistance for 70 gold pieces
  3296 | D        | Bought 5 potions of berserk rage for 175 gold pieces
  3296 | D        | Bought 6 potions of might for 168 gold pieces
  3296 | D        | Bought 3 potions of haste for 210 gold pieces
  3305 | D        | Round 19.
  3318 | D        | Identified the +1 pair of gloves "Delufuv" {rElec rF+}
                  | (Okawaru gifted it to you in the Dungeon)
  3318 | D        | Received a gift from Okawaru
  3319 | D        | Reached XP level 16. HP: 174/174 MP: 13/22
  3319 | D        | Reached XP level 17. HP: 181/181 MP: 14/23
  3328 | D        | Reached skill level 15 in Dodging
  3330 | D        | Reached skill level 5 in Translocations
  3332 | D        | Reached skill level 24 in Fighting
  3332 | D        | Reached skill level 15 in Staves
  3378 | D        | Reached skill level 5 in Spellcasting
  3392 | D        | Arena points: 40701 (+6992) [x23]
  3408 | D        | Round 20.
  3409 | D        | Bought a scroll of brand weapon for 200 gold pieces
  3409 | D        | Bought 3 scrolls of blinking for 225 gold pieces
  3435 | D        | Noticed Dissolution
  3436 | D        | Reached XP level 18. HP: 192/192 MP: 14/25
  3437 | D        | Reached XP level 19. HP: 200/200 MP: 14/26
  3438 | D        | Reached XP level 20. HP: 207/207 MP: 14/28
  3439 | D        | Paralysed by a great orb of eyes for 4 turns
  3447 | D        | Gained mutation: Your magical capacity is low. (-10% MP) [a
                  | shining eye]
  3449 | D        | Gained mutation: You occasionally shout uncontrollably at
                  | your foes. [a shining eye]
  3452 | D        | Gained mutation: You are agile. (Dex +2) [a shining eye]
  3456 | D        | Gained mutation: You are frail. (-10% HP) [a shining eye]
  3458 | D        | Gained mutation: You are weak. (Str -2) [a shining eye]
  3463 | D        | Paralysed by a floating eye for 3 turns
  3463 | D        | Gained mutation: Your spells are a little easier to cast,
                  | but a little less powerful. [a shining eye]
  3468 | D        | Killed Dissolution
  3468 | D        | Arena points: 46701 (+6000) [x25]
  3469 | D        | Reached skill level 25 in Fighting
  3469 | D        | Reached skill level 10 in Stealth
  3469 | D        | Got a slimy rune of Zot
  3470 | D        | Reached XP level 21. HP: 125/196 MP: 16/27
  3475 | D        | Learned a level 3 spell: Gell's Gravitas
  3481 | D        | Learned a level 5 spell: Manifold Assault
  3495 | D        | Bought 3 scrolls of silence for 225 gold pieces
  3511 | D        | Bought 4 potions of curing for 84 gold pieces
  3511 | D        | Bought 4 potions of curing for 84 gold pieces
  3511 | D        | Bought 4 potions of curing for 84 gold pieces
  3511 | D        | Bought 4 potions of curing for 84 gold pieces
  3511 | D        | Bought 3 potions of heal wounds for 105 gold pieces
  3511 | D        | Bought 3 potions of heal wounds for 105 gold pieces
  3511 | D        | Bought 3 potions of heal wounds for 105 gold pieces
  3511 | D        | Bought 3 potions of heal wounds for 105 gold pieces
  3518 | D        | Bought 6 potions of resistance for 420 gold pieces
  3518 | D        | Bought 3 potions of haste for 210 gold pieces
  3639 | D        | Round 21.
  3683 | D        | Noticed Ignacio
  3694 | D        | Killed Ignacio
  3694 | D        | Received a gift from Okawaru
  3694 | D        | Found the +8 Wrath of Trog {antimagic, *Rage Rampage}
  3695 | D        | Reached skill level 26 in Fighting
  3793 | D        | Arena points: 57075 (+10374) [x26]
  3851 | D        | Bought 3 potions of mutation for 168 gold pieces
  3851 | D        | Bought 2 potions of mutation for 112 gold pieces
  3851 | D        | Bought a potion of mutation for 56 gold pieces
  3851 | D        | Bought 5 potions of berserk rage for 175 gold pieces
  3851 | D        | Bought 4 potions of haste for 280 gold pieces
  3852 | D        | Bought 3 potions of mutation for 168 gold pieces
  3852 | D        | Bought 2 potions of mutation for 112 gold pieces
  3852 | D        | Bought a potion of mutation for 56 gold pieces
  3852 | D        | Bought a potion of heal wounds for 35 gold pieces
  3852 | D        | Bought a potion of invisibility for 56 gold pieces
  3864 | D        | Round 22.
  3953 | D        | Reached skill level 10 in Shields
  3979 | D        | Arena points: 68955 (+11880) [x27]
  3986 | D        | Bought 3 potions of experience for 900 gold pieces
  3986 | D        | Reached skill level 27 in Fighting
  3986 | D        | Reached XP level 22. HP: 205/209 MP: 6/30
  3987 | D        | Reached skill level 10 in Translocations
  3987 | D        | Reached XP level 23. HP: 213/216 MP: 6/31
  3988 | D        | Reached XP level 24. HP: 222/224 MP: 6/31
  3990 | D        | Bought 3 potions of heal wounds for 105 gold pieces
  4008 | D        | Upgraded the game from 0.28-a0-1347-g113dc556a4 to
                  | 0.28-a0-1356-g2ad6d04315
  4050 | D        | Round 23.
  4051 | D        | Noticed a seraph
  4056 | D        | Identified the +8 tower shield of Marbles {Rampage rC+
                  | rCorr}
  4063 | D        | Noticed a seraph
  4084 | D        | Killed a seraph
  4094 | D        | Killed a seraph
  4094 | D        | Received a gift from Okawaru
  4105 | D        | HP: 11/221 [daeva/divine providence (14)]
  4127 | D        | HP: 8/224 [angel (12)]
  4131 | D        | Slain by a profane servitor

Illustrated notes

Levels and vault maps discovered:
D:        arena_sprint

Skill      XL: |  1  2  3  4  5  6  7  8  9 10 11 12 13 14 15 16 17 18 19 20 21 22 23 24 |
---------------+-------------------------------------------------------------------------+-----
Fighting       | 4 7 10 11 12 13 14 15 18 23 24 25 27 | 27.0
Axes           | 4 9 13 15 16 17 19 20 21 22 | 22.0
Armour         | 4 7 10 12 17 22 | 22.0
Shields        | 4 10 13 | 13.6
Dodging        | 4 6 7 8 14 15 17 19 20 | 20.9
Invocations    | 3 4 6 7 8 10 | 10.0
Evocations     | 3 5 6 7 8 10 | 10.0
Throwing       | 3 8 12 15 16 18 19 | 19.4
Staves         | 13 14 15 17 20 21 | 21.6
Stealth        | 8 9 10 | 10.0
Spellcasting   | 4 5 6 7 8 9 |  9.4
Translocations | 4 6 8 9 10 11 | 11.5

Action                   |  1- 3 |  4- 6 |  7- 9 | 10-12 | 13-15 | 16-18 | 19-21 | 22-24 || total
-------------------------+-------+-------+-------+-------+-------+-------+-------+-------++-------
Melee: War axe           |     5 |    19 |    47 |       |       |       |       |       ||    71
       Headbutt          |     1 |     2 |    13 |    42 |   124 |    17 |    39 |    12 ||   250
       Lajatang          |       |       |       |   101 |   367 |       |     8 |    18 ||   494
       Broad axe         |       |       |       |       |     5 |    45 |    91 |     2 ||   143
       Battleaxe         |       |       |       |       |       |       |       |    28 ||    28
Throw: Javelin           |       |       |       |     2 |       |       |     8 |       ||    10
       Dart              |       |       |       |       |     1 |       |     1 |       ||     2
Invok: Heroism           |       |     1 |     3 |     4 |    10 |     1 |     3 |     1 ||    23
       Finesse           |       |       |       |       |     6 |     1 |     2 |     1 ||    10
Evoke: Wand              |     2 |       |       |       |     2 |       |     2 |       ||     6
  Use: Potion            |       |       |       |     3 |     3 |     4 |    10 |    17 ||    37
       Scroll            |       |       |       |     2 |    31 |       |     1 |     6 ||    40
 Stab: Invisible         |       |       |       |       |       |       |     3 |       ||     3
Armor: Scale mail        |     1 |     5 |     2 |       |       |       |       |       ||     8
       Chain mail        |       |       |     4 |    33 |    12 |       |       |       ||    49
       Swamp dragon scal |       |       |       |    17 |       |       |       |       ||    17
       Gold dragon scale |       |       |       |       |   192 |    13 |   136 |    74 ||   415
Dodge: Dodged            |     2 |     9 |    19 |    93 |   182 |    24 |    99 |    46 ||   474
Block: Buckler           |     1 |     1 |     7 |       |       |     9 |    42 |     6 ||    66

Table legend: (Time is in decaauts)
 A = Elapsed time spent in this place.
 B = Non-inter-level travel time spent in this place.
 C = Inter-level travel time spent in this place.
 D = Time resting spent in this place.
 E = Time spent auto-exploring this place.
 F = Levels seen in this place.
 G = Mean time per level.
                   A        B        C        D        E       F      G
               +--------+--------+--------+--------+--------+-----+--------+
         Total |   3754 |   3754 |      0 |   1235 |      0 |   1 | 3754.0 |
       Dungeon |   3754 |   3754 |      0 |   1235 |      0 |   1 | 3754.0 |
               +--------+--------+--------+--------+--------+-----+--------+

Top non-repeatable levels by time:
       D: 3754 daAuts
